 Dungeon Crawl Stone Soup version 0.19-a0-1895-g783e625 (webtiles) character file.

49 Alarkh the Grave Robber (level 3, 21/21 HPs)
             Began as a Mummy Necromancer on Oct 18, 2016.
             Was an Initiate of Hepliaklqana.
             Quit the game on level 1 of the Dungeon.
             The game lasted 00:01:59 (997 turns).

Alarkh the Grave Robber (Mummy Necromancer)          Turns: 997, Time: 00:02:00

Health: 21/21      AC:  2    Str: 11    XL:     3   Next: 51%
Magic:  7/7        EV: 12    Int: 15    God:    Hepliaklqana [......]
Gold:   65         SH:  0    Dex: 12    Spells: 2 memorised, 3 levels left

rFire  x . .     SeeInvis .     d - +0 dagger
rCold  + . .     Gourm    .     a - +0 robe
rNeg   + + +     Faith    .     (no shield)
rPois  ∞         Spirit   .     (no helmet)
rElec  .         Reflect  .     (no cloak)
rCorr  .         Harm     .     (no gloves)
MR     .....                    (no boots)
Stlth  ++........               (no amulet)
                                (no ring)
                                (no ring)

@: no status effects
A: no food or potions, fire vulnerability, reduced essence, cold resistance 1,
negative energy resistance 3, torment resistance, unbreathing
a: Recall Ancestor, Ancestor Identity, Renounce Religion


You were on level 1 of the Dungeon.
You worshipped Hepliaklqana.
Hepliaklqana was noncommittal.
You were not hungry.

You visited 1 branch of the dungeon, and saw 2 of its levels.

You collected 65 gold pieces.

Inventory:

Hand Weapons
 d - a +0 dagger (weapon)
Armour
 a - a +0 robe (worn)
Scrolls
 c - 2 scrolls of teleportation {unknown}
Books
 b - a book of Necromancy

   Spells                             Type                      Level
   a - Pain                           Necromancy                   1
   b - Animate Skeleton               Necromancy                   1
   c - Vampiric Draining              Necromancy                   3
   d - Regeneration                   Charms/Necromancy            3
   e - Animate Dead                   Necromancy                   4
   f - Control Undead                 Necromancy                   4


   Skills:
 - Level 1.5 Dodging
 - Level 1.5 Stealth
 + Level 2.9 Spellcasting
 + Level 4.7 Necromancy


You had 3 spell levels left.
You knew the following spells:

 Your Spells              Type           Power        Failure   Level  Hunger
a - Pain                  Necr           ###.         3%          1    N/A
b - Vampiric Draining     Necr           ###.......   12%         3    N/A

Dungeon Overview and Level Annotations

Branches:
Dungeon (2/15)

Altars:
Elyvilon
Hepliaklqana
Okawaru
Sif Muna
Uskayaw


Innate Abilities, Weirdness & Mutations

You do not eat or drink.
Your flesh is vulnerable to fire.
You are immune to poison.
Your flesh is cold resistant. (rC+)
You are immune to negative energy. (rN+++)
You are immune to unholy pain and torment.
You can survive without breathing.
Your life essence is reduced. (-10% HP)


Message History

You swap places.
You see here a club.
A hobgoblin comes into view.
A hobgoblin is nearby!
A hobgoblin is nearby!
A hobgoblin is nearby!
The hobgoblin shouts!
The hobgoblin hits you.
You hit the hobgoblin.
The hobgoblin is severely wounded.
The hobgoblin hits you but does no damage.
You hit the hobgoblin.
The hobgoblin is almost dead.
The hobgoblin barely misses you.
Xochipepe barely misses the hobgoblin.
You hit the hobgoblin.
You kill the hobgoblin!
No target in view!
A goblin comes into view.
Found a black potion.
Are you sure you want to abandon this character and quit the game? (Confirm with "yes".)

### ## #.. .# #!# .#
#.# #.# ##.## ##.#####
.######...######.......
.......@R..........#
.######...######...#
................#
#####.######..†.#####
#g# #.$.......
#.######....#####
#...........#
....####....###
#......#


You could see the friendly Xochipepe the ancestor and a goblin (sleeping).

Vanquished Creatures
  2 adders (D:2)
  A dart slug (D:2)
  A leopard gecko (D:2)
  A ball python (D:2)
  A bat (D:2)
  3 giant cockroaches
  A goblin (D:2)
  4 hobgoblins
  2 kobolds (D:2)
  3 rats
19 creatures vanquished.

Vanquished Creatures (collateral kills)
  An ooze (D:2)
  A goblin (D:2)
2 creatures vanquished.

Grand Total: 21 creatures vanquished

Notes
Turn   | Place    | Note
-------+----------+-------------------------------------------
     0 | D:1      | Alarkh the Mummy Necromancer began the quest for the Orb.
     0 | D:1      | Reached XP level 1. HP: 13/13 MP: 3/3
    22 | D:1      | You fall through a shaft!
   161 | D:2      | Found a white marble altar of Elyvilon.
   162 | D:2      | Found a deep blue altar of Sif Muna.
   162 | D:2      | Found a hide-covered altar of Uskayaw.
   324 | D:2      | Found a hazy altar of Hepliaklqana.
   329 | D:2      | Became a worshipper of Hepliaklqana the Forgotten
   347 | D:2      | Reached XP level 2. HP: 17/17 MP: 1/5
   509 | D:2      | Found an iron altar of Okawaru.
   532 | D:2      | Reached XP level 3. HP: 14/21 MP: 0/7
   537 | D:2      | Learned a level 3 spell: Vampiric Draining
   918 | D:2      | Fell from the grace of Hepliaklqana
   919 | D:2      | Became a worshipper of Hepliaklqana the Forgotten
   997 | D:1      | Quit the game

Vault maps used:
D:1:      onia_arrival_larder
D:2:      minmay_wonky_spiral, okawaru_gym_becter,
          nicolae_overflow_quartered_altars, first_bread

Action                   || total
-------------------------++-------
Melee: Unarmed           ||     5
       Dagger            ||    16
 Cast: Pain              ||    30
Invok: Ancestor Identity ||     2
       Renounce Religion ||     1
 Stab: Sleeping          ||     1
Armor: Robe              ||     8
Dodge: Dodged            ||    17
